 Dungeon Crawl Stone Soup version 0.29.1-1-gd02db6906a (webtiles) character file.

Game seed: 4695572823346850494

408 hilljack the Ducker (level 6, -4/45 (47) HPs)
             Began as a Merfolk Gladiator on Sept 18, 2022.
             Was a Follower of Uskayaw.
             Slain by a wight
             ... wielding a +0 great sword
              (17 damage)
             ... on level 4 of the Dungeon.
             The game lasted 00:08:51 (4083 turns).

hilljack the Ducker (Merfolk Gladiator)             Turns: 4083, Time: 00:08:52

HP:   -4/45 (47)    AC:  6    Str: 17 (18) XL:     6   Next: 88%
MP:   16/16         EV: 14    Int:  9      God:    Uskayaw [*.....]
Gold: 140           SH:  0    Dex: 16      Spells: 5/5 levels left

rFire   + . .      SeeInvis .   B - +5 falchion "Qucaypp" {drain, *Slow rElec rN+ Str+4}
rCold   + . .      Faith    .   (no shield)
rNeg    + . .      Spirit   .   b - +0 leather armour
rPois   .          Reflect  .   c - +0 helmet
rElec   +          Harm     .   l - +0 cloak
rCorr   .          Rampage  .   (no gloves)
Will    .....                   h - +0 pair of boots
Stlth   +.........              (no amulet)
HPRegen 0.15/turn               q - ring of protection from cold
MPRegen 0.15/turn               w - ring of magical power

@: confused, mighty, ambrosia-drunk, lightly drained
A: (nimble swimmer 2), mertail, deterioration 1, fire resistance 1, devolution 1
a: Renounce Religion, Stomp


You were on level 4 of the Dungeon.
You worshipped Uskayaw.
Uskayaw was noncommittal.
You visited 1 branch of the dungeon, and saw 4 of its levels.

You collected 140 gold pieces.

Inventory:

Hand Weapons
 a - a +0 trident
 o - a +3 short sword of venom
 B - the +5 falchion "Qucaypp" (weapon) {drain, *Slow rElec rN+ Str+4}
   (You found it on level 4 of the Dungeon)

   A truly terrible weapon, it drains the life of any living foe it strikes.
   Str:       It affects your strength (+4).
   rElec:     It insulates you from electricity.
   rN:        It protects you from negative energy.
   *Slow:     It may slow you when you take damage.
Missiles
 e - a javelin (quivered)
Armour
 b - a +0 leather armour (worn)
 c - a +0 helmet (worn)
 h - a +0 pair of boots (worn)
 l - a +0 cloak (worn)
Jewellery
 q - a ring of protection from cold (left hand)
 w - a ring of magical power (right hand)
Wands
 y - a wand of flame (13)
Scrolls
 i - a scroll of torment
 j - a scroll of enchant armour {unknown}
 k - 3 scrolls of amnesia {unknown}
 m - 2 scrolls of teleportation {unknown}
 n - 3 scrolls of identify {unknown}
 r - a scroll of summoning {unknown}
 s - 3 scrolls of magic mapping {unknown}
 t - 2 scrolls of vulnerability {unknown}
 x - a scroll of blinking {unknown}
Potions
 f - a potion of magic
 g - a potion of mutation
 z - a potion of berserk rage {unknown}


   Skills:
 + Level 3.2 Fighting
 + Level 0.8 Long Blades
 - Level 5.5 Polearms
 + Level 3.6 Throwing
 + Level 1.6 Armour
 + Level 5.7 Dodging
 + Level 2.0 Invocations
 + Level 0.6 Evocations


You had 5 spell levels left.
You didn't know any spells.
Your spell library contained the following spells:

 Spells                   Type           Power      Damage    Failure   Level
 Magic Dart               Conj           0%         1d3       43%         1
 Call Imp                 Summ           0%         N/A       58%         2
 Confusing Touch          Hex            0%         N/A       82%         3
 Mephitic Cloud           Conj/Pois/Air  0%         N/A       82%         3
 Animate Dead             Necr           0%         N/A       99%         4
 Yara's Violent Unravell  Hex/Tmut       0%         3d3       100%        5
 Enfeeble                 Hex            0%         N/A       100%        7
 Haunt                    Necr/Summ      0%         N/A       100%        7
 Infestation              Necr           0%         N/A       100%        8


Dungeon Overview and Level Annotations

Branches:
Dungeon (4/15)
 Temple: D:4-7

Altars:
Fedhas
Hepliaklqana
Uskayaw


Innate Abilities, Weirdness & Mutations

((You are very nimble when in or above water. (Stealth+, EV+, Speed+++)))
Your lower body shifts to a powerful aquatic tail in water.
Your body sometimes deteriorates upon taking damage.
Your flesh is heat resistant. (rF+)
You have hidden genetic defects.


Message History

You closely miss the wight. The wight misses you.
You slash the wight!
The wight is heavily damaged.
A wight comes into view.
It is wielding a +4 short sword of freezing.
The wight hits you with a +0 great sword.
You hit the wight but do no damage.
The wight is heavily damaged.
The wight hits you with a +0 great sword!!
You partially resist.
You feel drained.
You are too injured to fight recklessly!
You are too injured to fight recklessly!
You are too injured to fight recklessly!
You are too injured to fight recklessly!
You are too injured to fight recklessly!
You closely miss the wight.
The wight is heavily damaged.
The wight barely misses you.
The wight hits you with a +0 great sword!
* * * LOW HITPOINT WARNING * * *
It was a potion of magic.
Magic courses through your body.
The wight hits you with a +0 great sword.
* * * LOW HITPOINT WARNING * * *
It was a potion of cancellation.
You feel magically purged. The wight barely misses you.
It was a potion of mutation.
You feel extremely strange.
You feel a hidden malignance growing inside you.
You feel resistant to heat.
You feel yourself wasting away. The wight barely misses you.
It was a potion of ambrosia.
You are confused.
You feel invigorated. The wight closely misses you.
You bump into the rock wall.
The wight hits you but does no damage. The wight attacks as you move away!
The wight hits you with a +0 great sword!
* * * LOW HITPOINT WARNING * * *
Your body deteriorates!
You feel weakened.
It was a potion of might.
You feel very mighty all of a sudden.
The wight hits you with a +0 great sword!
You die...

.................###########...#
...........†...................#
..........................)....#
...............................#
######...###...#...............#
#...# ###)#...............#
#...# #.#...............# #...#
#zz...............# #...
##.@.>............# #.
##.....).........#
#...............#
#...............#
#...............# #........
#........ #########


You could see 2 wights.

Vanquished Creatures
  A wight (D:4)
  A hound (D:4)
  Ijyb (D:3)
  2 iguanas
  An orc wizard (D:3)
  Terence (D:2)
  Robin (D:2)
  5 gnolls
  3 adders
  2 ufetubi
  A worm (D:2)
  2 dart slugs
  7 orcs
  9 bats
  5 endoplasms
  4 giant cockroaches
  18 goblins
  9 hobgoblins
  5 quokkas
  3 ball pythons
  6 frilled lizards
  5 kobolds
  A rat (D:2)
93 creatures vanquished.

Notes
Turn   | Place    | Note
-------+----------+-------------------------------------------
     0 | D:1      | hilljack the Merfolk Gladiator began the quest for the Orb.
     0 | D:1      | Reached XP level 1. HP: 16/16 MP: 1/1
    60 | D:1      | Reached XP level 2. HP: 16/23 MP: 2/2
   269 | D:1      | Found a faded altar of an unknown god.
   338 | D:1      | Reached XP level 3. HP: 9/28 MP: 3/3
   933 | D:1      | Prayed at the altar of an unknown god.
   933 | D:1      | Became a worshipper of Uskayaw the Reveller
   933 | D:1      | Reached * piety under Uskayaw
  1134 | D:2      | Noticed Robin
  1152 | D:2      | Reached ** piety under Uskayaw
  1153 | D:2      | Reached XP level 4. HP: 30/34 MP: 4/4
  1444 | D:2      | Killed Robin
  1444 | D:2      | Reached *** piety under Uskayaw
  1815 | D:2      | Noticed Terence
  1829 | D:2      | Killed Terence
  1830 | D:2      | Reached skill level 5 in Polearms
  2076 | D:2      | Found a hazy altar of Hepliaklqana.
  2330 | D:3      | Noticed Ijyb
  2347 | D:3      | Killed Ijyb
  2348 | D:3      | Reached skill level 5 in Dodging
  2348 | D:3      | Reached XP level 5. HP: 35/41 MP: 5/5
  2418 | D:3      | Found a blossoming altar of Fedhas.
  2515 | D:3      | Reached skill level 1 in Armour
  2889 | D:3      | Reached skill level 1 in Invocations
  3007 | D:3      | Reached XP level 6. HP: 38/47 MP: 6/6
  3634 | D:4      | Identified the +5 falchion "Qucaypp" {drain, *Slow rElec
                  | rN+ Str+4}
  4078 | D:4      | Gained mutation: You have hidden genetic defects. [potion
                  | of mutation]
  4078 | D:4      | Gained mutation: Your flesh is heat resistant. (rF+)
                  | [potion of mutation]
  4078 | D:4      | Gained mutation: Your body sometimes deteriorates upon
                  | taking damage. [potion of mutation]
  4083 | D:4      | Slain by a wight

Illustrated notes

Levels and vault maps discovered:
D:1:      eino_arrival_water_cross, layout_rooms,
          shapermc_ecumenical_altar_hornbeckon, minmay_pentomino_r2
D:2:      layout_basic, basic_altar, uniq_robin, uniq_terence
D:3:      layout_rooms, mainiacjoe_overflow_six_doors_small, uniq_ijyb
D:4:      layout_basic

Skill      XL: |  1  2  3  4  5  6 |
---------------+-------------------+-----
Fighting       | 3 |  3.2
Polearms       | 5 |  5.5
Throwing       | 3 |  3.6
Dodging        | 5 |  5.7
Armour         | 1 |  1.6
Invocations    | 1 2 |  2.0
Long Blades    | |  0.8
Evocations     | |  0.6

Action                   |  1- 3 |  4- 6 || total
-------------------------+-------+-------++-------
Melee: Trident           |    55 |       ||    55
       Punch             |     2 |     2 ||     4
       Spear             |    55 |    28 ||    83
       Short sword       |       |   138 ||   138
       Falchion          |       |    25 ||    25
Throw: Throwing net      |     2 |     2 ||     4
       Dart              |       |    19 ||    19
       Javelin           |       |     2 ||     2
  Use: Potion            |       |     6 ||     6
       Scroll            |       |     1 ||     1
 Stab: Sleeping          |     1 |     1 ||     2
Armor: Leather armour    |    21 |    43 ||    64
Dodge: Dodged            |    40 |   132 ||   172
